AoeStats
← GunBuster_CZ

Yucatan

503665745Analyzed
4v4 RM · 1mo ago on Sep 1, 2026· 67m 52s· 8 players
Game mode
Random Map
Map size
Large (8 player)
Population
200
Speed
Normal
Resources
Standard
Victory
Conquest
Starting age
Dark Age
Ending age
Imperial Age
RankedLock teamsTeams togetherTeam positionsShared explorationLock speedFull tech treeHidden civsTurbo modeCheats
Victory
Defeat
🇨🇿 Britons · Czechia
954
+12
🇨🇿 Romans · Czechia
954
+12
🇨🇿 Goths · Czechia
954
+12
🇨🇿 Teutons · Czechia
954
+12
🇮🇹 Byzantines · Italy
899
-13
🇦🇷 Mongols · Argentina
890
-13
🇲🇹 Goths · Malta
841
-11
🇬🇧 Celts · United Kingdom
825
-10
mateakd2013
9:25 Loom
12:02 Feudal Age
18:40 Castle Age
34:39 Imperial Age
36:18 Padded Archer Armor
36:08 Fletching
36:29 Forging
40:14 Elite Mangudai
professor
0:31 Loom
12:59 Feudal Age
17:41 Castle Age
15:41 Double-Bit Axe
16:45 Gold Mining
22:54 Wheelbarrow
22:02 Horse Collar
25:56 Heavy Plow
26:14 Bow Saw
32:01 Imperial Age
32:56 Husbandry
34:20 Hand Cart
35:34 Chemistry
36:48 Scale Barding Armor
36:37 Cavalier
36:38 Light Cavalry
39:11 Hussar
41:08 Forging
Bummo
8:25 Loom
10:44 Feudal Age
13:32 Wheelbarrow
19:41 Castle Age
18:04 Scale Mail Armor
19:07 Forging
20:54 Pikeman
23:28 Double-Bit Axe
25:04 Chain Mail Armor
25:32 Gambesons
25:30 Horse Collar
27:44 Hand Cart
29:14 Stone Mining
29:30 Fletching
30:17 Gold Mining
34:36 Iron Casting
38:21 Fortified Wall
37:55 Treadmill Crane
41:00 Imperial Age
39:54 Fortified Wall
41:10 Heavy Plow
42:01 Siege Engineers
42:07 Halberdier
43:25 Town Watch
44:24 Gold Shaft Mining
45:04 Onager
48:01 Bodkin Arrow
49:40 Murder Holes
Clarkmaster
1:37 Loom
13:22 Feudal Age
13:26 Man-at-Arms
16:28 Forging
20:44 Scale Mail Armor
33:44 Town Watch
36:15 Castle Age
Liska.usata
3:31 Loom
13:01 Feudal Age
13:26 Horse Collar
13:35 Double-Bit Axe
19:46 Castle Age
18:52 Bloodlines
18:56 Forging
18:51 Scale Barding Armor
29:25 Wheelbarrow
31:01 Chain Barding Armor
32:13 Hand Cart
35:14 Bow Saw
35:08 Heavy Plow
36:07 Iron Casting
36:22 Caravan
38:33 Scale Mail Armor
40:29 Gold Mining
40:29 Stone Mining
41:31 Chain Mail Armor
43:57 Imperial Age
49:13 Crop Rotation
49:46 Two-Man Saw
50:29 Blast Furnace
49:59 Plate Mail Armor
50:05 Plate Barding Armor
49:27 Cavalier
51:22 Conscription
50:23 Elite Teutonic Knight
59:09 Spies/Treason
59:33 Paladin
Eve
1:08 Loom
10:19 Feudal Age
9:19 Loom
10:47 Town Watch
11:39 Wheelbarrow
14:43 Horse Collar
21:20 Castle Age
19:40 Gold Mining
20:25 Double-Bit Axe
20:58 Stone Mining
22:41 Gold Shaft Mining
22:18 Bow Saw
22:15 Heavy Plow
23:30 Forging
23:25 Scale Mail Armor
24:10 Scale Barding Armor
24:21 Man-at-Arms
25:02 Squires
25:02 Long Swordsman
28:55 Chain Mail Armor
30:21 Iron Casting
34:41 Imperial Age
34:59 Chain Barding Armor
34:46 Ballistas
35:14 Padded Archer Armor
35:39 Hand Cart
35:34 Pikeman
39:21 Blast Furnace
37:43 Halberdier
39:09 Capped Ram
41:17 Legionary
46:20 Chemistry
45:40 Siege Ram
58:35 Spies/Treason
Fanosh
1:00 Loom
12:15 Feudal Age
14:12 Man-at-Arms
15:56 Scale Mail Armor
15:58 Gold Mining
21:16 Forging
20:51 Horse Collar
25:31 Double-Bit Axe
31:12 Castle Age
32:44 Bow Saw
32:21 Long Swordsman
33:38 Heavy Plow
34:26 Stone Mining
35:09 Squires
35:57 Wheelbarrow
35:50 Town Watch
37:34 Stone Shaft Mining
38:05 Iron Casting
40:21 Chain Mail Armor
41:15 Hand Cart
42:52 Fletching
43:03 Padded Archer Armor
43:05 Anarchy
49:25 Imperial Age
49:41 Leather Archer Armor
49:21 Bodkin Arrow
50:47 Crop Rotation
52:14 Blast Furnace
51:18 Perfusion
50:44 Capped Ram
54:24 Conscription
53:25 Elite Huskarl
54:26 Masonry
54:38 Ballistics
57:54 Architecture
58:54 Spies/Treason
59:16 Two-Handed Swordsman
GunBuster_CZ
7:35 Loom
11:29 Feudal Age
13:16 Fletching
13:26 Padded Archer Armor
13:18 Double-Bit Axe
20:45 Castle Age
18:50 Horse Collar
20:50 Crossbowman
21:53 Bow Saw
21:45 Heavy Plow
21:38 Gold Mining
22:45 Bodkin Arrow
23:17 Stone Mining
23:35 Town Watch
24:27 Leather Archer Armor
25:33 Ballistics
30:53 Wheelbarrow
31:21 Fortified Wall
30:52 Treadmill Crane
32:45 Yeomen
37:57 Imperial Age
38:30 Masonry
38:20 Murder Holes
38:00 Arbalester
39:10 Bracer
40:16 Conscription
40:46 Gold Shaft Mining
40:56 Ring Archer Armor
42:09 Chemistry
46:02 Hand Cart
45:14 Elite Longbowman
53:56 Warwolf
59:41 Spies/Treason
Connection lost

Rejoining the realm…

Still unreachable

The connection could not be restored.

Session expired

The server has moved on; the page needs a fresh start.